 Dungeon Crawl Stone Soup version 0.29.1-2-gbd0b4ee654 (webtiles) character file.

Game seed: 7300495032840381431

154 firemarshallily the Chopper (level 5, -3/44 HPs)
             Began as a Demonspawn Gladiator on Oct 31, 2022.
             Slain by Blork the orc
             ... wielding a +0 glaive of freezing
              (6 damage)
             ... on level 4 of the Dungeon.
             The game lasted 00:05:17 (2659 turns).

firemarshallily the Chopper (Demonspawn Gladiator)  Turns: 2659, Time: 00:05:18

Health: -3/44      AC:  8    Str: 17    XL:     5   Next: 13%
Magic:  5/5        EV: 12    Int:  9    God:
Gold:   148        SH:  0    Dex: 14    Spells: 4/4 levels left

rFire   . . .      SeeInvis .   a - +0 war axe
rCold   . . .      Faith    .   (no shield)
rNeg    . . .      Spirit   .   b - +0 leather armour
rPois   .          Reflect  .   c - +0 helmet
rElec   .          Harm     .   (no cloak)
rCorr   .          Rampage  .   m - +0 pair of gloves
Will    .....                   l - +0 pair of boots
Stlth   +.........              (no amulet)
HPRegen 0.14/turn               (no ring)
MPRegen 0.09/turn               (no ring)

@: no status effects
A: rugged brown scales 2, demonic guardian 1, demonic touch 1
a: no special abilities


You were on level 4 of the Dungeon.
You visited 1 branch of the dungeon, and saw 4 of its levels.

You collected 245 gold pieces.
You spent 97 gold pieces at shops.

Inventory:

Hand Weapons
 a - a +0 war axe (weapon)
Missiles
 d - 3 throwing nets (quivered)
 e - a javelin
Armour
 b - a +0 leather armour (worn)
 c - a +0 helmet (worn)
 g - a +0 ring mail
 l - a +0 pair of boots (worn)
 m - a +0 pair of gloves (worn)
Wands
 k - a wand of iceblast (1)
Scrolls
 f - a scroll of immolation
 i - a scroll of teleportation
Potions
 h - a potion of flight {unknown}
 j - 3 potions of attraction {unknown}
 o - a potion of might {unknown}
 p - a potion of haste {unknown}
 q - a potion of heal wounds {unknown}
 s - a potion of curing {unknown}


   Skills:
 * Level 3.7 Fighting
 * Level 4.0 Axes
 - Level 1.7 Throwing
 + Level 1.7 Armour
 - Level 2.6 Dodging


You had 4 spell levels left.
You didn't know any spells.
Your spell library contained the following spells:

 Spells                   Type           Power      Damage    Failure   Level
 Magic Dart               Conj           0%         1d3       43%         1
 Blink                    Tloc           0%         N/A       58%         2
 Call Imp                 Summ           0%         N/A       58%         2
 Static Discharge         Conj/Air       0%         3-3/arc   58%         2
 Lesser Beckoning         Tloc           0%         N/A       82%         3
 Mephitic Cloud           Conj/Pois/Air  0%         N/A       82%         3
 Dispel Undead            Necr           0%         3d6       99%         4
 Sticky Flame             Conj/Fire      0%         2d3       99%         4
 Manifold Assault         Tloc           0%         N/A       100%        5


Dungeon Overview and Level Annotations

Branches:
Dungeon (4/15)
 Temple: D:4-7

Altars:

Shops:
D:3 *

Annotations:
D:4 Blork the orc


Innate Abilities, Weirdness & Mutations

You are mostly covered in rugged brown scales. (AC +2, +5% HP)
A weak demonic guardian rushes to your aid.
Your touch may inflict minor irresistible damage on your foes.


Message History

A hobgoblin breaks down the door.
You barely miss the hobgoblin. The hobgoblin closely misses you.
You slash the hobgoblin!
You kill the hobgoblin!
An endoplasm comes into view.
The endoplasm jiggles.
Blork the orc casts a spell at you. The puff of flame hits you!
You open the door.
Blork the orc gestures at you while chanting.
The magic dart hits you but does no damage.
There is an open door here.
You hit the endoplasm.
You touch the endoplasm.
You kill the endoplasm!
Your Axes skill increases to level 4!
You close the door.
Something unseen breaks down the door.
Blork the orc mumbles some strange words.
Blork the orc seems to speed up.
You barely miss Blork the orc.
Blork the orc points at you and mumbles some strange words.
The puff of flame hits you!
You closely miss Blork the orc.
Blork the orc hits you with a +0 glaive of freezing.
Blork the orc freezes you. Blork the orc barely misses you.
You hit Blork the orc.
You touch Blork the orc!
Blork the orc is heavily wounded.
Blork the orc closely misses you. x2
You hit Blork the orc but do no damage. Your touch misses Blork the orc.
Blork the orc is heavily wounded.
Blork the orc casts a cantrip, but nothing happens.
Blork the orc hits you with a +0 glaive of freezing.
Blork the orc freezes you.
You hit Blork the orc.
You touch Blork the orc.
Blork the orc is severely wounded.
Blork the orc screams, "You are the ugliest creature I've ever seen!"
Blork the orc hits you with a +0 glaive of freezing!
* * * LOW HITPOINT WARNING * * *
A demonic guardian appears!
Blork the orc freezes you.
You die...

....# #.....#........
....# #.....'.......
#'#######.....##.....#
#..##..#.......#.....##.
#......#.......#...(....
#......#......o#........
#......'†......#........
#......#.....o.#..5.....
#......#.......#@.......
#......#.......o........
#+######.......###...###
....##### ...# .....#
..... ......# ..... ..
##+##


You could see Blork the orc (fast, ally target) and a friendly quasit
(summoned).

Vanquished Creatures
  A hound (D:2)
  Ijyb (D:3)
  A gnoll (D:2)
  A dart slug (D:1)
  2 orcs (D:3)
  7 ball pythons
  4 endoplasms
  4 giant cockroaches (D:1)
  6 goblins
  3 hobgoblins
  6 jackals
  6 kobolds
  3 quokkas
  4 bats
  4 frilled lizards
  3 rats
56 creatures vanquished.

Vanquished Creatures (collateral kills)
  2 gnolls (D:2)
2 creatures vanquished.

Grand Total: 58 creatures vanquished

Notes
Turn   | Place    | Note
-------+----------+-------------------------------------------
     0 | D:1      | firemarshallily the Demonspawn Gladiator began the quest
                  | for the Orb.
     0 | D:1      | Reached XP level 1. HP: 16/16 MP: 1/1
   220 | D:1      | Gained mutation: A weak demonic guardian rushes to your
                  | aid. [demonic ancestry]
   220 | D:1      | Reached XP level 2. HP: 19/23 MP: 2/2
   237 | D:1      | Reached skill level 3 in Axes
   893 | D:1      | Gained mutation: You are partially covered in rugged brown
                  | scales. (AC +1, +3% HP) [demonic ancestry]
   893 | D:1      | Reached XP level 3. HP: 23/28 MP: 3/3
  1083 | D:2      | Reached skill level 1 in Armour
  1204 | D:2      | Gained mutation: Your touch may inflict minor irresistible
                  | damage on your foes. [demonic ancestry]
  1204 | D:2      | Reached XP level 4. HP: 36/36 MP: 4/4
  2112 | D:3      | Found a faded altar of an unknown god.
  2196 | D:3      | Found Quosoumi's Assorted Antiques.
  2223 | D:3      | Bought a golden potion for 22 gold pieces
  2223 | D:3      | Bought a scroll labelled AMOFYR ETEL for 25 gold pieces
  2223 | D:3      | Bought a scroll labelled GAGISU GYK QYR for 25 gold pieces
  2223 | D:3      | Bought a scroll labelled XIKHIKHL JIMNETT for 25 gold
                  | pieces
  2348 | D:3      | Noticed Ijyb
  2360 | D:3      | Killed Ijyb
  2361 | D:3      | Gained mutation: You are mostly covered in rugged brown
                  | scales. (AC +2, +5% HP) [demonic ancestry]
  2361 | D:3      | Reached XP level 5. HP: 32/43 MP: 5/5
  2632 | D:4      | Noticed Blork the orc
  2651 | D:4      | Reached skill level 4 in Axes
  2659 | D:4      | Slain by Blork the orc

Illustrated notes

Levels and vault maps discovered:
D:1:      psy_arrival_fountain, layout_loops_ring, minmay_misc_feat_cross
D:2:      layout_basic, kennysheep_big_empty_room
D:3:      layout_rooms, nicolae_ecumenical_pavilion, serial_shops,
          nicolae_shop_window_shopping, uniq_ijyb
D:4:      layout_gridville, mainiacjoe_overflow_24_doors,
          general_overflow_altar, gup_sewer_entry_bowl, uniq_blork_the_orc,
          uniq_edmund, uniq_robin

Skill      XL: |  1  2  3  4  5 |
---------------+----------------+-----
Axes           | 3 4 |  4.0
Fighting       | 3 |  3.7
Armour         | 1 |  1.7
Throwing       | |  1.7
Dodging        | |  2.6

Action                   |  1- 3 |  4- 6 || total
-------------------------+-------+-------++-------
Melee: War axe           |    72 |    63 ||   135
       Touch             |       |    12 ||    12
  Use: Scroll            |       |     5 ||     5
Armor: Leather armour    |    21 |    28 ||    49
Dodge: Dodged            |    57 |    50 ||   107
